 Dungeon Sprint DCSS version 0.31-a0-986-g5e6e4ef867 (webtiles) character file.

Game seed: 3683393656284385018

323 rocky1 the Martial Artist (level 6, -4/58 HPs)
             Began as an Octopode Shapeshifter on Nov 16, 2023.
             Was an Initiate of Gozag.
             Slain by a two-headed ogre
             ... wielding a +0 giant club
              (18 damage)
             ... in the Dungeon (Sprint IX: "|||||||||||||||||||||||||||||").
             The game lasted 00:00:41 (204 turns).

rocky1 the Martial Artist (Octopode Shapeshifter)    Turns: 204, Time: 00:00:42

Health: -4/58      AC:  3    Str: 16    XL:     6   Next: 47%
Magic:  6/6        EV: 15    Int: 12    God:    Gozag
Gold:   0          SH:  0    Dex: 14    Spells: 5/5 levels left

rFire   . .          .
                       - Unarmed
rCold   . . .        (no shield)
rNeg    . . .        (helmet currently unavailable)
rPois   .            (no amulet)
rElec   .            n - +3 ring of strength
rCorr   .            m - +2 ring of protection
SInv    .            (no ring)
Will    .....        (no ring) Stlth
                     (no ring)
HPRegen 0.29/turn    (no ring)
MPRegen 0.10/turn    (no ring)
                     (no ring)

%: no teleportation
@: berserking, beast-form, gold aura, very quick
A: beast (slay +4), almost no armour, amphibious, 8 rings, camouflage 1,
gelatinous body 1, (nimble swimmer 1), tentacles
a: Begin Untransformation, Renounce Religion, Potion Petition, Call Merchant,
Bribe Branch


You were in the Dungeon.
You worshipped Gozag.
Gozag was noncommittal.
You were a hulking beast.
You visited 1 branch

Inventory:

Jewellery
 m - a +2 ring of protection (right tentacle)
 n - a +3 ring of strength (left tentacle)
Talismans
 b - a beast talisman
 c - a flux talisman
Wands
 l - a wand of roots (10)
Scrolls
 i - 2 scrolls of blinking
 k - 2 scrolls of amnesia
Potions
 a - a potion of lignification
 d - 5 potions of curing
 e - a potion of invisibility
 f - a potion of haste
 g - 4 potions of magic
 j - a potion of heal wounds


   Skills:
 + Level 2.2 Fighting
 + Level 4.7 Dodging
 + Level 9.2 Unarmed Combat
 + Level 8.5 Shapeshifting


You had 5 spell levels left.
You didn't know any spells.
Your spell library was empty.

Dungeon Overview and Level Annotations

Branches:
Dungeon (1/1)

Altars:
Cheibriados
Dithmenos
Elyvilon
Fedhas
Gozag
Hepliaklqana
Kikubaaqudgha
Makhleb
Nemelex Xobeh
Okawaru
Qazlal
Ru
Sif Muna
Trog
Uskayaw
Vehumet
Wu Jian
Xom
Yredelemnul
Zin
The Shining One
Jiyva
Lugonu


Innate Abilities, Weirdness & Mutations

You are a hulking beast.
Your limbs bulge with bestial killing power. (Slay +4)
You cannot wear most types of armour.
You are amphibious.
You can wear up to eight rings at the same time.
Your skin changes colour to match your surroundings (Stealth+).
Your rubbery body absorbs attacks. (AC +1, EV +1)
((You are camouflaged when in or above water. (Stealth+)))
You have tentacles for arms and can constrict up to eight enemies at once.


Message History

You feel agile.
Unknown command.
You barely miss the wyvern. You squeeze the wyvern!
The wyvern is moderately wounded.
The wyvern bites you!
The wyvern is distracted by your dazzling golden aura.
You completely miss the wyvern.
The wyvern is no longer distracted by gold.
The wyvern is moderately wounded.
The wyvern misses you.
You tentacle-slap the wyvern.
The wyvern is heavily wounded.
The wyvern bites you!
* * * LOW HITPOINT WARNING * * *
The orc wizard gestures wildly while chanting.
The orc wizard flickers and vanishes!
Deactivating autopickup; reactivate with Ctrl-A.
You feel much better. The wyvern barely misses you. The wyvern bites you.
The shadow slips into darkness.
The shadow flickers and vanishes!
A red film seems to cover your vision as you go berserk!
You feel yourself moving faster!
You feel mighty! The wyvern bites you!
* * * LOW HITPOINT WARNING * * *
You bludgeon the wyvern!
The wyvern is almost dead.
The wyvern closely misses you.
You tentacle-slap the wyvern.
You kill the wyvern!
Your Fighting skill increases to level 2!
Your Unarmed Combat skill gained 2 levels and is now at level 9!
Your Shapeshifting skill increases to level 8!
You have reached level 6!
You bludgeon the two-headed ogre!
The two-headed ogre is moderately wounded.
You barely miss the two-headed ogre.
The two-headed ogre is moderately wounded.
The two-headed ogre barely misses you.
The two-headed ogre hits you with a +0 dire flail!!
You die...
Your body crumbles into a pile of gold.

▓+▓
▓.▓
▓{▓
▓{▓
▓D▓
▓.▓
▓O▓
▓h▓
▓.▓
▓.▓
▓[▓
▓[▓
▓[▓
▓.▓
▓)▓
▓.▓


You could see a two-headed ogre and an acid dragon.

Vanquished Creatures
  A wyvern (D)
  A centaur (D)
  2 hounds (D)
  An orc wizard (D)
  An adder (D)
  A white imp (D)
  A goblin (D)
  3 ball pythons (D)
  A rat (D)
12 creatures vanquished.

Notes
Turn   | Place    | Note
-------+----------+-------------------------------------------
     0 | D        | rocky1 the Octopode Shapeshifter began the quest for the
                  | Orb.
     0 | D        | Reached XP level 1. HP: 13/13 MP: 1/1
    22 | D        | Noticed a hound
    22 | D        | Noticed an orc wizard
    22 | D        | Noticed a hound
    26 | D        | Killed a hound
    27 | D        | Reached skill level 4 in Unarmed Combat
    27 | D        | Reached XP level 2. HP: 16/18 MP: 2/2
    27 | D        | Reached XP level 3. HP: 20/23 MP: 3/3
    32 | D        | Reached skill level 5 in Unarmed Combat
    32 | D        | Reached skill level 5 in Shapeshifting
    40 | D        | Reached skill level 6 in Unarmed Combat
    40 | D        | Reached XP level 4. HP: 26/28 MP: 4/4
   146 | D        | Found a snail-covered altar of Cheibriados.
   146 | D        | Found a shadowy altar of Dithmenos.
   146 | D        | Found a white marble altar of Elyvilon.
   146 | D        | Found a blossoming altar of Fedhas.
   146 | D        | Found an opulent altar of Gozag.
   147 | D        | Found a hazy altar of Hepliaklqana.
   148 | D        | Found a viscous altar of Jiyva.
   149 | D        | Found an ancient bone altar of Kikubaaqudgha.
   150 | D        | Found a corrupted altar of Lugonu.
   151 | D        | Found a burning altar of Makhleb.
   152 | D        | Found a sparkling altar of Nemelex Xobeh.
   153 | D        | Found an iron altar of Okawaru.
   154 | D        | Became a worshipper of Gozag Ym Sagoz the Greedy
   155 | D        | Found a stormy altar of Qazlal.
   156 | D        | Found a sacrificial altar of Ru.
   157 | D        | Found a shimmering blue altar of Sif Muna.
   158 | D        | Found a bloodstained altar of Trog.
   159 | D        | Found a hide-covered altar of Uskayaw.
   160 | D        | Found a radiant altar of Vehumet.
   161 | D        | Found an ornate altar of the Wu Jian Council.
   162 | D        | Found a shimmering altar of Xom.
   163 | D        | Found a basalt altar of Yredelemnul.
   164 | D        | Found a glowing silver altar of Zin.
   165 | D        | Found a glowing golden altar of the Shining One.
   191 | D        | Noticed a shadow
   191 | D        | Noticed an acid dragon
   191 | D        | Noticed a two-headed ogre
   191 | D        | Noticed a wyvern
   191 | D        | Noticed a centaur
   195 | D        | Killed a centaur
   196 | D        | Reached skill level 7 in Unarmed Combat
   196 | D        | Reached XP level 5. HP: 24/34 MP: 5/5
   202 | D        | Killed a wyvern
   203 | D        | Reached skill level 9 in Unarmed Combat
   203 | D        | Reached XP level 6. HP: 14/39 MP: 6/6
   204 | D        | Slain by a two-headed ogre

Illustrated notes

Levels and vault maps discovered:
D:        linesprint [early_d, line_temple, items_1, d_10, items_2, lair_1,
          lair_end, items_3, orc_1, orc_end, items_4, d_15, swamp_1, shoals_1,
          snake_1, spider_1, d_20, vaults_1, items_5, swamp_end, shoals_end,
          snake_end, spider_end, vaults_end, d_27, items_6, zot_1, zot_end,
          crypt_end, forest_end, elf_end, slime_end, tomb_end, abyss_end,
          pan_hell_end]

Skill      XL: |  1  2  3  4  5 |
---------------+----------------+-----
Unarmed Combat | 4 6 7 9 |  9.2
Shapeshifting  | 4 6 7 8 |  8.5
Dodging        | 3 4 |  4.7
Fighting       | 2 |  2.2

Action                     |  1- 3 |  4- 6 || total
---------------------------+-------+-------++-------
  Melee: Unarmed           |    24 |    11 ||    35
         Constrict         |     5 |       ||     5
         Punch             |     1 |     1 ||     2
         Tentacles         |     1 |     1 ||     2
    Use: Potion            |     1 |     2 ||     3
 Armour: Skin              |     8 |     8 ||    16
  Dodge: Dodged            |    17 |     9 ||    26

Table legend: (Time is in decaauts)
 A = Elapsed time spent in this place.
 B = Non-inter-level travel time spent in this place.
 C = Inter-level travel time spent in this place.
 D = Time resting spent in this place.
 E = Time spent auto-exploring this place.
 F = Levels seen in this place.
 G = Mean time per level.
                   A        B        C        D        E       F      G
               +--------+--------+--------+--------+--------+-----+--------+
         Total |    198 |    198 |      0 |    104 |      0 |   1 |  198.0 |
       Dungeon |    198 |    198 |      0 |    104 |      0 |   1 |  198.0 |
               +--------+--------+--------+--------+--------+-----+--------+

Top non-repeatable levels by time:
       D: 198 daAuts
